 Dungeon Crawl Stone Soup version 0.19.5 (webtiles) character file.

151 Enroth the Slasher (level 5, -5/36 HPs)
             Began as a High Elf Fighter on Mar 27, 2017.
             Slain by an orc
             ... wielding a +0 flail
              (7 damage)
             ... on level 3 of the Dungeon.
             The game lasted 00:04:32 (1599 turns).

Enroth the Slasher (High Elf Fighter)               Turns: 1599, Time: 00:04:33

Health: -5/36      AC:  6    Str: 15    XL:     5   Next: 10%
Magic:  6/6        EV: 11    Int: 13    God:
Gold:   131        SH:  9    Dex: 19    Spells: 0 memorised, 4 levels left

rFire  . . .     SeeInvis .     a - +0 long sword
rCold  + . .     Gourm    .     b - +0 scale mail
rNeg   . . .     Faith    .     c - +0 shield
rPois  .         Spirit   .     (no helmet)
rElec  .         Reflect  .     (no cloak)
rCorr  .         Harm     .     (no gloves)
MR     .....                    (no boots)
Stlth  +.........               (no amulet)
                                (no ring)
                                p - ring of protection from cold

@: agile
A: no striking features
a: no special abilities


You were on level 3 of the Dungeon.
You were not hungry.

You visited 1 branch of the dungeon, and saw 3 of its levels.

You collected 131 gold pieces.

Inventory:

Hand Weapons
 a - a +0 long sword (weapon)
Armour
 b - a +0 scale mail (worn)
 c - a +0 shield (worn)
Jewellery
 p - a ring of protection from cold (left hand)
Scrolls
 e - 2 scrolls of blinking {unknown}
 g - 10 scrolls of identify {unknown}
 i - 2 scrolls of remove curse {unknown}
 j - a scroll of random uselessness {unknown}
 m - a scroll of noise {unknown}
Potions
 d - 2 potions of might
 l - a potion of agility
 n - 2 potions of curing {unknown}
 q - a potion of degeneration {unknown}
 r - a potion of haste {unknown}
Comestibles
 f - 3 bread rations
 h - 3 fruits
 k - a meat ration
 o - a beef jerky


   Skills:
 - Level 3.0 Fighting
 * Level 5.4 Long Blades
 + Level 3.2 Armour
 + Level 3.2 Shields


You had 4 spell levels left.
You didn't know any spells.

Dungeon Overview and Level Annotations

Branches:
Dungeon (3/15)

Altars:
Dithmenos
Uskayaw


Message History

The orc barely misses you.
The leopard gecko bites you but does no damage.
You slash the orc!
You kill the orc!
The leopard gecko bites you but does no damage.
The orc closely misses you.
You hit the leopard gecko but do no damage.
You block the leopard gecko's attack. The orc hits you with a flail!
The leopard gecko barely misses you.
You riposte.
You closely miss the leopard gecko. You miss the leopard gecko.
You block the leopard gecko's attack. You block the orc's attack.
You slash the leopard gecko!
You kill the leopard gecko!
The orc hits you with a flail!
* * * LOW HITPOINT WARNING * * *
It was a potion of agility.
You feel agile all of a sudden. The orc hits you with a flail!
You die...

##### ### #...# # ...
....#.# #.##...#.####
.... #............
#.#..#.#..........
#...#...)†o....#
##.#..#.#.#@#
.#.##..#.....#
##........#.###
.###...........#
.#.........#.#########
......####...........#
.#.#.#####.###.#####.
...........# #.#
##.###.##### #.#


You could see an orc.

Vanquished Creatures
  An orc wizard (D:2)
  4 adders
  An ooze (D:1)
  3 worms (D:2)
  2 dart slugs
  2 leopard geckos
  4 orcs
  5 bats
  4 giant cockroaches
  8 hobgoblins
  4 jackals
  3 kobolds
  A ball python (D:1)
  3 frilled lizards
  12 goblins
  6 rats
63 creatures vanquished.

Notes
Turn   | Place    | Note
-------+----------+-------------------------------------------
     0 | D:1      | Enroth the High Elf Fighter began the quest for the Orb.
     0 | D:1      | Reached XP level 1. HP: 16/16 MP: 2/2
    57 | D:1      | Reached XP level 2. HP: 14/21 MP: 3/3
   171 | D:1      | Reached skill level 3 in Long Blades
   309 | D:1      | Reached XP level 3. HP: 24/26 MP: 4/4
   556 | D:2      | Found a faded altar of an unknown god.
   622 | D:2      | Reached skill level 4 in Long Blades
   686 | D:2      | Found a hide-covered altar of Uskayaw.
   813 | D:2      | Reached XP level 4. HP: 29/31 MP: 5/5
   848 | D:2      | Found a shadowy altar of Dithmenos.
  1160 | D:2      | Reached skill level 5 in Long Blades
  1435 | D:3      | Reached XP level 5. HP: 23/36 MP: 6/6
  1599 | D:3      | Slain by an orc

Skill      XL: |  1  2  3  4 |
---------------+-------------+-----
Armour         | 3 |  3.2
Long Blades    | 3 4 5 |  5.4
Shields        | 3 |  3.2
Fighting       | |  3.0

Action                   |  1- 3 |  4- 6 || total
-------------------------+-------+-------++-------
Melee: Long sword        |   126 |    88 ||   214
  Use: Potion            |       |     1 ||     1
  Eat: Chunk             |       |     3 ||     3
Armor: Scale mail        |    47 |    22 ||    69
Dodge: Dodged            |    30 |    24 ||    54
Block: Shield            |    67 |    52 ||   119
       Rpst.: Long sword |    12 |     8 ||    20
